 Dungeon Crawl Stone Soup version 0.29-a0-284-gf9362112df (webtiles) character file.

Game seed: 18385398317059485664

375 siradein the Insei (level 6, 0/47 HPs)
             Began as a Gnoll Transmuter on Mar 15, 2022.
             Slain by a yak (5 damage)
             ... on level 4 of the Dungeon.
             The game lasted 00:18:01 (3910 turns).

siradein the Insei (Gnoll Transmuter)               Turns: 3910, Time: 00:18:02

Health: 0/47       AC: 10    Str: 10    XL:     6   Next: 72%
Magic:  4/5        EV: 13    Int: 11    God:
Gold:   21         SH:  0    Dex: 12    Spells: 9/15 levels left

rFire   . . .      SeeInvis +   w - +1 flail (vorpal)
rCold   + + +      Faith    .   (no shield)
rNeg    . . .      Spirit   .   e - +0 leather armour
rPois   .          Reflect  .   u - +2 helmet of Yzoevan {rElec rC+++ Regen+ Int-3}
rElec   +          Harm     .   h - +2 cloak {Will+}
rCorr   .          Rampage  .   d - +0 pair of gloves "Tamofuis" {rElec MP-9 SInv}
Will    +....                   (no boots)
Stlth   ++........              g - amulet of the acrobat
HPRegen 0.95/turn               (no ring)
MPRegen 0.09/turn               (no ring)

@: wereblooded
A: fangs 1, strong nose, distributed training
a: no special abilities


You were on level 4 of the Dungeon.
You visited 1 branch of the dungeon, and saw 5 of its levels.

You collected 183 gold pieces.
You spent 162 gold pieces at shops.

Inventory:

Hand Weapons
 a - a +1 dagger of speed
 w - a +1 vorpal flail (weapon)
Missiles
 s - a boomerang
Armour
 d - the +0 pair of gloves "Tamofuis" (worn) {rElec MP-9 SInv}
   (You found it on level 4 of the Dungeon)

   rElec:     It insulates you from electricity.
   MP:        It affects your magic capacity (-9).
   SInv:      It lets you see invisible.
 e - a +0 leather armour (worn)
 h - a +2 cloak of willpower (worn)
 p - a +0 pair of gloves
 u - the +2 helmet of Yzoevan (worn) {rElec rC+++ Regen+ Int-3}
   (You took it off Robin on level 3 of the Dungeon)

   Int:       It affects your intelligence (-3).
   rC:        It renders you almost immune to cold.
   rElec:     It insulates you from electricity.
   Regen:     It increases your rate of health regeneration.
Jewellery
 g - an amulet of the acrobat (around neck)
Scrolls
 f - 3 scrolls of teleportation
 i - 3 scrolls of magic mapping
 n - a scroll of silence {unknown}
Potions
 b - a potion of lignification
 c - a potion of haste
 j - a potion of flight
 l - a potion of brilliance
 m - a potion of magic {unknown}
 o - 2 potions of curing
 q - a potion of invisibility {unknown}
 r - a potion of might {unknown}
 t - a potion of berserk rage {unknown}
 v - a potion of heal wounds
 x - a potion of mutation {unknown}


   Skills:
 + Level 3.3 Fighting
 + Level 2.1 Short Blades
 + Level 2.1 Long Blades
 + Level 2.1 Axes
 + Level 2.1 Maces & Flails
 + Level 2.1 Polearms
 + Level 2.1 Staves
 + Level 2.1 Slings
 + Level 2.1 Bows
 + Level 2.1 Crossbows
 + Level 2.1 Throwing
 + Level 2.1 Armour
 + Level 5.0 Dodging
 + Level 2.1 Stealth
 + Level 2.1 Shields
 + Level 6.9 Unarmed Combat
 + Level 5.4 Spellcasting
 + Level 1.6 Conjurations
 + Level 1.6 Hexes
 + Level 1.6 Summonings
 + Level 1.6 Necromancy
 + Level 1.6 Translocations
 + Level 4.1 Transmutations
 + Level 1.6 Fire Magic
 + Level 1.6 Ice Magic
 + Level 1.6 Air Magic
 + Level 1.6 Earth Magic
 + Level 1.6 Poison Magic
 + Level 2.3 Invocations
 + Level 2.1 Evocations


You had 9 spell levels left.
You knew the following spells:

 Your Spells              Type           Power      Damage    Failure   Level
a - Beastly Appendage     Tmut           24%        N/A       4%          1
b - Wereblood             Tmut           12%        N/A       8%          2
c - Spider Form           Tmut/Pois      9%         N/A       24%         3

Your spell library contained the following spells:

 Spells                   Type           Power      Damage    Failure   Level
 Shock                    Conj/Air       24%        1d4       14%         1
 Corpse Rot               Necr/Air       12%        N/A       21%         2
 Static Discharge         Conj/Air       6%         N/A       21%         2
 Ignite Poison            Fire/Tmut/Pois 8%         N/A       28%         3
 Conjure Flame            Conj/Fire      6%         6-21      38%         3
 Swiftness                Air            6%         N/A       38%         3
 Tukima's Dance           Hex            6%         N/A       38%         3
 Ice Form                 Ice/Tmut       9%         N/A       63%         4
 Airstrike                Air            3%         N/A       80%         4
 Anguish                  Hex/Necr       3%         N/A       80%         4
 Dispel Undead            Necr           6%         3d8       80%         4
 Sticky Flame             Conj/Fire      6%         2d3       80%         4
 Death Channel            Necr           3%         N/A       100%        6
 Enfeeble                 Hex            3%         N/A       100%        7


Dungeon Overview and Level Annotations

Branches:
Dungeon (5/15)
 Temple: D:4-7

Altars:
Cheibriados
Elyvilon
Ru

Shops:
D:1 [   D:3 !   D:4 (?


Innate Abilities, Weirdness & Mutations

You have very sharp teeth.
Your uncanny sense of smell can sniff out nearby items.
Your experience applies equally to all skills.


Message History

There is an open door here.
Your blood is infused with primal strength.
The yak gores you!
You barely miss the yak. The yak gores you!
You hit the yak.
The yak is lightly wounded.
The yak gores you but does no damage.
You hit the yak.
The yak is moderately wounded.
The yak closely misses you.
You sock the yak!
The yak is heavily wounded.
The yak barely misses you. The yak closely misses you.
You hit the yak.
The yak is heavily wounded.
The yak barely misses you.
You barely miss the yak.
The yak is heavily wounded.
The yak barely misses you.
You completely miss the yak.
The yak is heavily wounded.
The yak gores you. The yak gores you!
You barely miss the yak.
The yak is heavily wounded.
The yak barely misses you.
You barely miss the yak. You bite the yak, but do no damage.
The yak is heavily wounded.
The yak gores you.
You hit the yak.
The yak is severely wounded.
The yak gores you but does no damage. The yak gores you!
* * * LOW HITPOINT WARNING * * *
You closely miss the yak. Your bite misses the yak.
The yak is severely wounded.
The yak gores you!
* * * LOW HITPOINT WARNING * * *
You barely miss the yak.
The yak is severely wounded.
The yak gores you.
You die...

...................#
.............##...##
###.....####.##...##
..##...##..#.#.....#
...##.##...#.##...#############
#...#.#...##.###.>............#
##.'#.#'.##..# #.############.#
.###...###...###Y# #.#
.....8..).....##@## #########.##
.###...###....#...###..........#
##.)#.#'.##........##.####.##..#
#...#.#)..##........#.# #......#
...##.##...#.<........###...#..#
).##...##..#...................#
###.....####..........###...#..#
.......).)).........#..........#
###.#.########.....######.#######


You could see a yak.

Vanquished Creatures
  A phantom (D:4)
  A bullfrog (D:4)
  A hound (D:4)
  A mummy (D:3)
  Robin (D:3)
  4 gnolls (D:4)
  4 adders
  2 dart slugs (D:4)
  15 orcs
  7 ball pythons
  6 endoplasms
  A giant cockroach (D:2)
  15 goblins
  7 hobgoblins
  3 quokkas
  8 bats
  3 frilled lizards
  6 kobolds
  6 rats
92 creatures vanquished.

Vanquished Creatures (others)
  7 plants
7 creatures vanquished.

Grand Total: 99 creatures vanquished

Notes
Turn   | Place    | Note
-------+----------+-------------------------------------------
     0 | D:1      | siradein the Gnoll Transmuter began the quest for the Orb.
     0 | D:1      | Reached XP level 1. HP: 17/17 MP: 6/6
   121 | D:1      | Found Gofeojomm's Antique Armour Boutique.
   357 | D:1      | Reached XP level 2. HP: 23/23 MP: 5/7
   483 | D:1      | Learned a level 2 spell: Wereblood
   934 | D:1      | Reached XP level 3. HP: 28/28 MP: 9/9
   943 | D:1      | Learned a level 3 spell: Spider Form
   951 | D:1      | Reached skill level 5 in Spellcasting
  1475 | D:2      | Found a sacrificial altar of Ru.
  1526 | D:2      | Reached skill level 1 in Invocations
  1910 | D:2      | Reached skill level 1 in Short Blades
  1910 | D:2      | Reached skill level 1 in Long Blades
  1910 | D:2      | Reached skill level 1 in Axes
  1910 | D:2      | Reached skill level 1 in Maces & Flails
  1910 | D:2      | Reached skill level 1 in Polearms
  1910 | D:2      | Reached skill level 1 in Staves
  1910 | D:2      | Reached skill level 1 in Slings
  1910 | D:2      | Reached skill level 1 in Bows
  1910 | D:2      | Reached skill level 1 in Crossbows
  1910 | D:2      | Reached skill level 1 in Throwing
  1910 | D:2      | Reached skill level 1 in Armour
  1910 | D:2      | Reached skill level 1 in Stealth
  1910 | D:2      | Reached skill level 1 in Shields
  1910 | D:2      | Reached skill level 1 in Evocations
  2107 | D:3      | Reached XP level 4. HP: 34/34 MP: 9/11
  2373 | D:3      | Identified the +2 helmet of Yzoevan {rElec rC+++ Regen+
                  | Int-3}
  2373 | D:3      | Noticed Robin
  2395 | D:3      | Killed Robin
  2396 | D:3      | Reached skill level 1 in Conjurations
  2396 | D:3      | Reached skill level 1 in Hexes
  2396 | D:3      | Reached skill level 1 in Summonings
  2396 | D:3      | Reached skill level 1 in Necromancy
  2396 | D:3      | Reached skill level 1 in Translocations
  2396 | D:3      | Reached skill level 1 in Fire Magic
  2396 | D:3      | Reached skill level 1 in Ice Magic
  2396 | D:3      | Reached skill level 1 in Air Magic
  2396 | D:3      | Reached skill level 1 in Earth Magic
  2396 | D:3      | Reached skill level 1 in Poison Magic
  2428 | D:3      | Found Bodatoam's Distillery.
  2435 | D:3      | Bought a potion of heal wounds for 60 gold pieces
  2435 | D:3      | Bought a potion of curing for 36 gold pieces
  2498 | D:3      | Found a faded altar of an unknown god.
  2819 | D:3      | Found a snail-covered altar of Cheibriados.
  2869 | D:3      | Reached XP level 5. HP: 35/40 MP: 12/12
  3133 | D:4      | Found Rojis's Magic Scroll Boutique.
  3136 | D:4      | Noticed an orc warrior
  3335 | D:4      | Found Icyeluqu's Antique Weapon Emporium.
  3635 | D:4      | Reached XP level 6. HP: 45/47 MP: 14/14
  3686 | D:4      | Reached skill level 5 in Dodging
  3747 | D:4      | Bought a scroll of magic mapping for 42 gold pieces
  3747 | D:4      | Bought a scroll of identify for 24 gold pieces
  3757 | D:4      | Identified the +0 pair of gloves "Tamofuis" {rElec MP-9
                  | SInv}
  3780 | D:4      | Found a white marble altar of Elyvilon.
  3816 | D:4      | Noticed a black bear
  3892 | D:5      | Entered Level 5 of the Dungeon
  3892 | D:5      | Noticed a yak
  3892 | D:5      | Noticed a yak
  3892 | D:5      | Noticed a yak
  3892 | D:5      | Noticed a yak
  3892 | D:5      | Noticed a yak
  3910 | D:4      | Slain by a yak

Illustrated notes

Levels and vault maps discovered:
D:1:      moated_graveyard_arrival, layout_basic, serial_shops,
          nicolae_shop_waterfront, lexackson_kobold_supper
D:2:      layout_basic, basic_altar, grunt_decor_mini_mirrors,
          roderic_filled_cross
D:3:      layout_loops_ring, slow_altar_2, dreamdust_ecumenical_altar_statues,
          serial_shops, shop, chequers_serial_rivers_small_3,
          patterned_corridor, uniq_robin
D:4:      cheibrodos_barr_body, layout_loops_corners,
          nicolae_elyvilon_temple_path, serial_shops, shop_statue,
          nicolae_square_shop, nicolae_shop_statue_plus, nicolae_stop_n_shop_2,
          nicolae_shop_hallway_stairs
D:5:      layout_loops_ring, mainiacjoe_overflow_boulevard, gup_sewer_entry_bowl

Skill      XL: |  1  2  3  4  5  6 |
---------------+-------------------+-----
Spellcasting   | 5 |  5.4
Invocations    | 1 2 |  2.3
Short Blades   | 1 2 |  2.1
Long Blades    | 1 2 |  2.1
Axes           | 1 2 |  2.1
Maces & Flails | 1 2 |  2.1
Polearms       | 1 2 |  2.1
Staves         | 1 2 |  2.1
Slings         | 1 2 |  2.1
Bows           | 1 2 |  2.1
Crossbows      | 1 2 |  2.1
Throwing       | 1 2 |  2.1
Armour         | 1 2 |  2.1
Stealth        | 1 2 |  2.1
Shields        | 1 2 |  2.1
Evocations     | 1 2 |  2.1
Conjurations   | 1 |  1.6
Hexes          | 1 |  1.6
Summonings     | 1 |  1.6
Necromancy     | 1 |  1.6
Translocations | 1 |  1.6
Fire Magic     | 1 |  1.6
Ice Magic      | 1 |  1.6
Air Magic      | 1 |  1.6
Earth Magic    | 1 |  1.6
Poison Magic   | 1 |  1.6
Fighting       | 3 |  3.3
Transmutations | 4 |  4.1
Dodging        | 5 |  5.0
Unarmed Combat | |  6.9

Action                   |  1- 3 |  4- 6 || total
-------------------------+-------+-------++-------
Melee: Unarmed           |    24 |       ||    24
       Kick              |    18 |    10 ||    28
       Headbutt          |    15 |     7 ||    22
       Bite              |     5 |    13 ||    18
       Dagger            |    96 |   107 ||   203
       Punch             |     3 |     9 ||    12
       Flail             |       |    59 ||    59
 Cast: Beastly Appendage |    26 |     8 ||    34
       Wereblood         |       |     8 ||     8
  Use: Scroll            |       |     6 ||     6
Armor: Leather armour    |    18 |    39 ||    57
       Robe              |     1 |       ||     1
Dodge: Dodged            |    62 |    97 ||   159

Table legend: (Time is in decaauts)
 A = Elapsed time spent in this place.
 B = Non-inter-level travel time spent in this place.
 C = Inter-level travel time spent in this place.
 D = Time resting spent in this place.
 E = Time spent auto-exploring this place.
 F = Levels seen in this place.
 G = Mean time per level.
                   A        B        C        D        E       F      G
               +--------+--------+--------+--------+--------+-----+--------+
         Total |   3852 |   3721 |    131 |      6 |   2848 |   5 |  770.4 |
       Dungeon |   3852 |   3721 |    131 |      6 |   2848 |   5 |  770.4 |
               +--------+--------+--------+--------+--------+-----+--------+

Top non-repeatable levels by time:
     D:1: 1194 daAuts
     D:3: 1155 daAuts
     D:2: 864 daAuts
     D:4: 636 daAuts
     D:5: 1 daAuts
